 Dungeon Crawl Stone Soup version 0.23.2-1-ga50397a6bc (webtiles) character file.

Game seed: 14419260791165083466

107130 OMOHnopBeT the Tortoise (level 15, -1/145 HPs)
             Began as a Minotaur Fighter on May 8, 2019.
             Was a High Priest of Okawaru.
             Killed from afar by a merfolk aquamancer (28 damage)
             ... with a ball of steam
             ... on level 4 of the Shoals.
             The game lasted 01:10:51 (22105 turns).

OMOHnopBeT the Tortoise (Minotaur Fighter)         Turns: 22105, Time: 01:10:52

Health: -1/145     AC: 31    Str: 39    XL:     15   Next: 99%
Magic:  15/20      EV: 12    Int:  5    God:    Okawaru [*****.]
Gold:   838        SH: 24    Dex: 12    Spells: 14/14 levels left

rFire    . . .     SeeInvis +   a - +9 broad axe (elec)
rCold    . . .     Gourm    .   c - +0 shield
rNeg     . . .     Faith    .   b - +1 plate armour of Gravity {-Cast Str+8 SInv}
rPois    .         Spirit   .   L - +0 hat {MR+}
rElec    .         Reflect  +   Z - scarf {repulsion}
rCorr    .         Harm     .   P - +2 pair of gloves {Str+3}
MR       ++...     NoCast   +   r - +1 pair of boots of Okawaru's Approval {Str+3 Stlth+}
Stlth    ..........             z - +6 amulet of reflection
HPRegen  0.34/turn              T - +4 ring of protection
MPRegen  0.17/turn              R - ring of see invisible

@: heroism, finesse, flying, very slightly contaminated, hasted, repel missiles,
very quick
A: retaliatory headbutt, horns 2
a: Heroism, Finesse, Renounce Religion


You were on level 4 of the Shoals.
You worshipped Okawaru.
Okawaru was extremely pleased with you.
You were not hungry.

You visited 5 branches of the dungeon, and saw 23 of its levels.

You collected 2135 gold pieces.
You spent 1297 gold pieces at shops.

Inventory:

Hand Weapons
 a - a +9 broad axe of electrocution (weapon)
 U - a +2 demon whip of electrocution
Armour
 b - the +1 plate armour of Gravity (worn) {-Cast Str+8 SInv}
   (You bought it in a shop on level 3 of the Shoals)

   It affects your strength (+8).
   It lets you see invisible.
   It prevents spellcasting.
 c - a +0 shield (worn)
 r - the +1 pair of boots of Okawaru's Approval (worn) {Str+3 Stlth+}
   (Okawaru gifted it to you on level 2 of the Shoals)

   It affects your strength (+3).
   It makes you more stealthy.
 L - a +0 hat of magic resistance (worn)
 P - a +2 pair of gloves of strength (worn)
 Z - a scarf of repulsion (worn)
Jewellery
 l - an uncursed amulet of the gourmand
 z - a +6 amulet of reflection (around neck)
 D - an uncursed ring of positive energy
 I - a +2 ring of slaying
 R - a ring of see invisible (right hand)
 T - a +4 ring of protection (left hand)
Wands
 j - a wand of acid (17)
 m - a wand of iceblast (28)
 M - a wand of flame (93)
 V - a wand of scattershot (6)
Scrolls
 d - 2 scrolls of holy word {unknown}
 e - 4 scrolls of remove curse
 g - 3 scrolls of amnesia
 h - 9 scrolls of teleportation
 k - 3 scrolls of magic mapping
 p - a scroll of enchant armour {unknown}
 q - a scroll of silence {unknown}
 v - 2 scrolls of blinking
 B - 5 scrolls of fear
 Q - a scroll of acquirement {unknown}
 S - a scroll of enchant weapon
 Y - 2 scrolls of identify
Potions
 n - 2 potions of invisibility
 o - 4 potions of brilliance
 u - 3 potions of haste
 w - 3 potions of might
 x - a potion of cancellation
 A - 3 potions of curing
 G - a potion of berserk rage
 H - 4 potions of mutation
 J - 4 potions of resistance
 K - a potion of flight
 N - a potion of magic {unknown}
 W - 2 potions of heal wounds
Comestibles
 f - 35 rations
 i - 2 chunks of flesh


   Skills:
 + Level 16.7(21.7) Fighting
 - Level 11.3(18.0) Axes
 - Level 11.0(17.8) Maces & Flails
 + Level 16.7(21.7) Armour
 + Level 16.7(21.7) Shields
 - Level 8.0 Invocations


You had 14 spell levels left.
You didn't know any spells.
Your spell library contained the following spells:

 Spells                   Type           Power        Failure   Level  Hunger
 Beastly Appendage        Tmut           #.....       83%         1    ##.....
 Infusion                 Chrm           #...         83%         1    ##.....
 Sandblast                Erth           #.....       83%         1    ##.....
 Sting                    Conj/Pois      #...         83%         1    ##.....
 Passwall                 Tmut/Erth      #.......     92%         2    ###....
 Poisonous Vapours        Pois/Air       #.....       92%         2    ###....
 Shroud of Golubria       Chrm/Tloc      #.........   92%         2    ###....
 Song of Slaying          Chrm           #.......     92%         2    ###....
 Sticks to Snakes         Tmut           #.......     92%         2    ###....
 Mephitic Cloud           Conj/Pois/Air  #.......     99%         3    ####...
 Regeneration             Chrm/Necr      #.........   99%         3    ####...
 Spectral Weapon          Hex/Chrm       #.......     99%         3    ####...
 Spider Form              Tmut/Pois      #.........   99%         3    ####...
 Stone Arrow              Conj/Erth      #.....       99%         3    ####...
 Ice Form                 Ice/Tmut       #.......     100%        4    #####..
 Olgreb's Toxic Radiance  Pois           #.......     100%        4    #####..
 Petrify                  Tmut/Erth      #.......     100%        4    #####..
 Blade Hands              Tmut           #.........   100%        5    ######.
 Lee's Rapid Deconstruct  Erth           #.........   100%        5    ######.
 Venom Bolt               Conj/Pois      #.........   100%        5    ######.


Dungeon Overview and Level Annotations

Branches:
Dungeon (10/15)            Temple (1/1) D:5            Lair (6/6) D:10
 Shoals (4/4) Lair:2        Snake (0/4) Lair:3        Slime (0/5) Lair:6
    Orc (2/2) D:10            Elf (0/3) Orc:2

Altars:
Ashenzari
Cheibriados
Dithmenos
Elyvilon
Fedhas
Gozag
Hepliaklqana
Kikubaaqudgha
Makhleb
Nemelex Xobeh
Okawaru
Qazlal
Ru
Sif Muna
Trog
Uskayaw
Vehumet
Wu Jian
Xom
Yredelemnul
Zin
The Shining One
Beogh
Jiyva

Shops:
D:9 =   Orc:1 %   Orc:2 *[%[(   Shoals:2 !   Shoals:3 [

Annotations:
D:6 exclusion: downstairs
Lair:4 exclusion: 4 oklob plants
Lair:6 exclusion: oklob plant


Innate Abilities, Weirdness & Mutations

You reflexively headbutt those who attack you in melee.
You have a pair of horns on your head.


Message History

You are very lightly contaminated with residual magic.
As you read the scroll of blinking, it crumbles to dust.
You feel very buoyant.
You fly up into the air.
Your surroundings suddenly seem different.
A water elemental comes into view.
The merfolk aquamancer casts a spell at you.
The torrent of water reflects off an invisible shield around you!
The torrent of water hits the merfolk aquamancer!!
The merfolk aquamancer is knocked back by the torrent of water.
The wave splashes down.
You hear an angry hiss.
You hear a shout! x3
You feel yourself speed up. You block the water elemental's attack.
A merfolk avatar comes into view.
The merfolk avatar shouts!
The merfolk avatar chants a haunting song.
You resist with almost no effort.
The merfolk aquamancer points at you and mumbles some strange words.
The ball of steam hits you!!
You die...

............#..#≈≈≈≈≈.#≈≈≈≈≈≈≈≈≈≈
.#..........#≈≈≈#≈≈≈≈≈#≈≈≈≈≈≈≈≈≈≈
##..........#≈≈≈≈#≈#≈≈#≈≈≈≈≈≈≈≈≈≈
.##........≈≈≈#≈≈≈#≈≈##≈≈≈≈≈≈≈≈≈≈
..##.....≈≈≈≈#≈#≈(≈≈##≈≈m≈m≈≈,,,,
..*#.....≈≈≈≈≈#)))≈##≈≈≈≈≈≈≈,,,,,
≈###....≈≈≈≈..))####≈≈≈≈≈≈≈≈,,,,,
.##.....≈≈≈....≈≈≈≈≈≈≈≈≈≈≈≈≈,,,,,
..##.....≈≈≈...≈@≈E≈≈≈≈≈≈≈≈≈,,,,,
.)##.....≈≈≈.(.≈§≈≈≈≈≈≈≈≈≈≈≈,,,,,
##......≈≈≈≈...≈≈§≈≈≈≈≈≈≈≈≈≈≈,,,,
##...≈≈≈≈≈≈≈....≈§≈t≈≈≈≈≈≈≈≈≈,,,,
.....≈≈≈≈≈≈....(.≈§≈≈≈≈≈≈≈≈≈≈,≈≈≈
.....≈≈≈≈≈≈≈.....≈m≈≈≈≈≈≈≈≈≈,,≈≈≈
.....≈≈≈≈≈≈.......≈≈≈≈≈≈≈≈≈≈,,,≈≈
.....≈≈≈≈≈≈.......≈m≈≈≈≈≈≈≈≈,,,≈≈
≈#≈≈.≈≈≈≈≈≈......≈≈≈≈≈####≈#,,,,≈


You could see an alligator snapping turtle and a water elemental.

Vanquished Creatures
  Jorgrun (Shoals:3)
  Gastronok (Lair:2)
  Ilsuiw (Shoals:4)
  6 merfolk javelineers
  7 merfolk impalers
  Erolcha (D:9)
  4 hydras
  Harold (D:9)
  Fannar (Orc:1)
  The ghost of Qyfaizaa the Cleaver, a journeyman FoFi of Gozag (Orc:1)
  2 two-headed ogres
  3 merfolk avatars
  An alligator snapping turtle (Shoals:3)
  3 merfolk aquamancers
  3 death yaks (Lair:5)
  Urug (Lair:6)
  Sonja (Orc:1)
  11 sea snakes
  13 orc knights
  19 harpies
  A lindwurm (Lair:6)
  8 fauns
  2 orc sorcerers (Orc:1)
  A wolf spider (Lair:6)
  10 manticores
  5 merfolk sirens
  3 black mambas (Lair:6)
  4 water nymphs
  A guardian serpent (Lair:6)
  16 spiny frogs
  4 komodo dragons
  34 merfolk
  2 hornets (Lair:6)
  2 wind drakes (Shoals:3)
  10 blink frogs
  9 hippogriffs
  3 snapping turtles
  6 redbacks (Lair:6)
  7 water elementals
  4 hogs
  8 wyverns
  2 basilisks (Lair:4)
  2 hungry ghosts (D:10)
  32 yaks
  A human (D:6)
  2 nagas (Lair:3)
  9 wargs
  A two-headed ogre zombie (D:10)
  18 water moccasins
  7 porcupines
  35 orc warriors
  A sky beast (D:5)
  A black bear (D:9)
  14 wolves
  2 phantoms
  13 ogres
  5 centaurs
  10 crocodiles
  2 big kobolds
  14 bullfrogs
  4 troll zombies (D:10)
  4 scorpions
  5 killer bees (D:10)
  9 wights
  5 electric eels
  6 crimson imps
  A bullfrog zombie (D:8)
  A centaur zombie (D:9)
  10 hounds
  2 centaur skeletons
  10 orc priests
  2 bullfrog skeletons
  2 jellies
  12 orc wizards
  4 iguanas
  9 worker ants
  3 ogre zombies (D:10)
  A hound zombie (D:5)
  2 hound skeletons
  A mummy (D:7)
  2 howler monkey skeletons (D:5)
  11 gnolls
  8 adders
  A shadow imp (D:10)
  An adder skeleton (D:5)
  An adder zombie (D:10)
  A worm (D:2)
  4 leopard geckos
  55 orcs
  4 bats
  2 giant cockroaches
  3 goblins (D:1)
  2 hobgoblins (D:1)
  16 jackals
  14 kobolds
  8 quokkas
  5 frilled lizards
  A goblin skeleton (D:10)
  5 goblin zombies
  2 hobgoblin zombies (D:10)
  A kobold zombie (D:7)
  A leopard gecko skeleton (D:8)
  4 orc skeletons (D:10)
  14 orc zombies (D:10)
  A quokka skeleton (D:9)
  6 rats
  5 fungi
  15 plants
678 creatures vanquished.

Vanquished Creatures (collateral kills)
  A porcupine (Lair:2)
1 creature vanquished.

Vanquished Creatures (others)
  A merfolk javelineer (Shoals:1)
  A satyr (Shoals:2)
  A harpy (Shoals:1)
  4 fauns (Shoals:1)
  A centaur (D:5)
  An orc wizard (Orc:1)
  An orc (D:8)
  11 fungi
  14 plants
35 creatures vanquished.

Grand Total: 714 creatures vanquished

Notes
Turn   | Place    | Note
-------+----------+-------------------------------------------
     0 | D:1      | OMOHnopBeT the Minotaur Fighter began the quest for the
                  | Orb.
     0 | D:1      | Reached XP level 1. HP: 19/19 MP: 0/0
   149 | D:1      | Reached XP level 2. HP: 27/27 MP: 1/1
  1187 | D:3      | Reached XP level 3. HP: 32/33 MP: 2/2
  1279 | D:4      | Noticed an ogre
  1284 | D:4      | Killed an ogre
  1284 | D:4      | Reached XP level 4. HP: 34/41 MP: 3/3
  1345 | D:4      | Found a deep blue altar of Sif Muna.
  1425 | D:4      | Reached XP level 5. HP: 41/47 MP: 4/4
  1442 | D:4      | You fall through a shaft for 2 floors!
  1787 | D:6      | Found a shattered altar of Ashenzari.
  2056 | D:6      | Reached skill level 5 in Maces & Flails
  2103 | D:6      | Reached skill level 5 in Armour
  2103 | D:6      | Reached XP level 6. HP: 46/55 MP: 5/5
  2177 | D:6      | Reached skill level 5 in Fighting
  2177 | D:6      | Reached skill level 5 in Shields
  2508 | D:6      | Reached XP level 7. HP: 46/61 MP: 6/6
  3219 | D:7      | Reached XP level 8. HP: 47/70 MP: 7/7
  4184 | D:7      | Found a shadowy altar of Dithmenos.
  4417 | D:7      | Reached XP level 9. HP: 79/79 MP: 8/8
  4513 | D:5      | Entered Level 5 of the Dungeon
  4516 | D:5      | Found a staircase to the Ecumenical Temple.
  4520 | D:5      | Found a blossoming altar of Fedhas.
  4530 | Temple   | Entered the Ecumenical Temple
  4712 | Temple   | Became a worshipper of Warmaster Okawaru
  4819 | D:4      | Found a shimmering altar of Xom.
  4825 | D:4      | Found a shimmering altar of Xom.
  4851 | D:4      | Found a shimmering altar of Xom.
  5034 | D:4      | Found a shimmering altar of Xom.
  5456 | D:5      | Found a glowing silver altar of Zin.
  5989 | D:5      | Found a glowing golden altar of the Shining One.
  6252 | D:8      | Found a radiant altar of Vehumet.
  6292 | D:8      | Reached * piety under Okawaru
  6585 | D:8      | Found a hide-covered altar of Uskayaw.
  6688 | D:9      | Found Fiureler's Jewellery Emporium.
  7037 | D:9      | Noticed a two-headed ogre
  7049 | D:9      | Reached ** piety under Okawaru
  7049 | D:9      | Reached XP level 10. HP: 54/91 MP: 6/9
  7057 | D:9      | Killed a two-headed ogre
  7399 | D:9      | Noticed Erolcha
  7405 | D:9      | Killed Erolcha
  7428 | D:9      | Reached *** piety under Okawaru
  7428 | D:9      | Reached skill level 10 in Shields
  7456 | D:9      | Reached skill level 10 in Fighting
  7456 | D:9      | Reached skill level 10 in Armour
  7597 | D:9      | Reached skill level 10 in Maces & Flails
  7604 | D:9      | Noticed Harold
  7618 | D:9      | Killed Harold
  7618 | D:9      | Reached **** piety under Okawaru
  7624 | D:9      | Found an ornate altar of the Wu Jian Council.
  7767 | D:10     | Entered Level 10 of the Dungeon
  8317 | D:10     | HP: 2/94 [electric eel/bolt of electricity (10)]
  8784 | D:10     | Reached XP level 11. HP: 101/101 MP: 10/10
  8797 | D:10     | Found a staircase to the Orcish Mines.
  8856 | D:10     | Paralysed by fainting for 11 turns
  8871 | D:10     | Paralysed by fainting for 9 turns
  9233 | D:10     | Noticed a two-headed ogre
  9242 | D:10     | Killed a two-headed ogre
  9242 | D:10     | Reached ***** piety under Okawaru
  9532 | D:10     | Found a staircase to the Lair.
  9541 | Lair:1   | Entered Level 1 of the Lair of Beasts
 10450 | Lair:2   | Found a staircase to the Shoals.
 10541 | Lair:2   | Noticed Gastronok
 10558 | Lair:2   | Killed Gastronok
 10558 | Lair:2   | Received a gift from Okawaru
 11110 | Lair:2   | Reached skill level 1 in Axes
 11343 | Lair:3   | Reached skill level 1 in Invocations
 11356 | Lair:3   | Reached XP level 12. HP: 112/112 MP: 10/12
 11455 | Lair:3   | Found a staircase to the Snake Pit.
 11983 | Lair:4   | Noticed an eight-headed hydra
 11993 | Lair:4   | Killed an eight-headed hydra
 12457 | Lair:4   | Received a gift from Okawaru
 12845 | Lair:5   | Noticed a death yak
 12845 | Lair:5   | Noticed a death yak
 12848 | Lair:5   | Noticed a death yak
 12852 | Lair:5   | Killed a death yak
 12855 | Lair:5   | Killed a death yak
 12860 | Lair:5   | Killed a death yak
 12887 | Lair:5   | Reached skill level 5 in Axes
 12919 | Lair:5   | Noticed a five-headed hydra
 12929 | Lair:5   | Killed a six-headed hydra
 13230 | Lair:5   | Noticed a seven-headed hydra
 13237 | Lair:5   | Killed a seven-headed hydra
 13237 | Lair:5   | Received a gift from Okawaru
 13820 | Lair:6   | Entered Level 6 of the Lair of Beasts
 13891 | Lair:6   | Reached XP level 13. HP: 107/122 MP: 15/15
 13951 | Lair:6   | Reached skill level 5 in Invocations
 14164 | Lair:6   | Noticed Urug
 14175 | Lair:6   | Killed Urug
 14421 | Lair:6   | Reached ****** piety under Okawaru
 14467 | Lair:6   | Found a viscous altar of Jiyva.
 14467 | Lair:6   | Found a staircase to the Slime Pits.
 15274 | Orc:1    | Entered Level 1 of the Orcish Mines
 15416 | Orc:1    | Found a roughly hewn altar of Beogh.
 15417 | Orc:1    | Found Weip's Food Boutique.
 15430 | Orc:1    | Found a transporter.
 15433 | Orc:1    | Noticed Qyfaizaa's ghost (journeyman FoFi)
 15442 | Orc:1    | Found a transporter.
 15495 | Orc:1    | Killed Qyfaizaa's ghost
 15590 | Orc:1    | Noticed Fannar
 15604 | Orc:1    | Killed Fannar
 15621 | Orc:1    | Noticed Sonja
 15634 | Orc:1    | Killed Sonja
 15635 | Orc:1    | Received a gift from Okawaru
 15656 | Orc:1    | Reached XP level 14. HP: 97/132 MP: 14/18
 15934 | Orc:2    | Entered Level 2 of the Orcish Mines
 15996 | Orc:2    | Found Oxoocaatwa's Assorted Antiques.
 16002 | Orc:2    | Found a staircase to the Elven Halls.
 16007 | Orc:2    | Bought a scroll of teleportation for 90 gold pieces
 16007 | Orc:2    | Bought a scroll of identify for 60 gold pieces
 16007 | Orc:2    | Bought a scroll of identify for 60 gold pieces
 16189 | Orc:2    | Found a roughly hewn altar of Beogh.
 16230 | Orc:2    | Found Uzoskal's Armour Emporium.
 16230 | Orc:2    | Found Ciupo's Weapon Shop.
 16727 | Orc:2    | Found Quheaff's Food Shop.
 16737 | Orc:2    | Received a gift from Okawaru
 16748 | Orc:2    | Got a jewelled hat {god gift}
 16759 | Orc:2    | Identified the +1 hat of the Fifty Orbs {rC- Dex+5}
                  | (Okawaru gifted it to you on level 2 of the Orcish Mines)
 16783 | Orc:2    | Found Jeqasah's Antique Armour Emporium.
 16800 | Orc:2    | Bought a pair of embroidered gloves for 217 gold pieces
 17049 | Shoals:1 | Entered Level 1 of the Shoals
 17488 | Shoals:1 | Reached skill level 10 in Axes
 17491 | Shoals:1 | Reached skill level 15 in Armour
 17789 | Shoals:1 | Reached skill level 15 in Shields
 17793 | Shoals:1 | Reached skill level 15 in Fighting
 18275 | Shoals:1 | You fall through a shaft!
 18428 | Shoals:2 | Reached XP level 15. HP: 72/141 MP: 15/20
 18742 | Shoals:2 | Found Nigg's Distillery.
 18766 | Shoals:2 | Bought a potion of heal wounds for 55 gold pieces
 18766 | Shoals:2 | Bought a potion of flight for 33 gold pieces
 18897 | Shoals:2 | Received a gift from Okawaru
 19665 | Shoals:2 | Got a pair of bloodstained boots {god gift}
 19671 | Shoals:2 | Identified the +1 pair of boots of Okawaru's Approval
                  | {Str+3 Stlth+} (Okawaru gifted it to you on level 2 of the
                  | Shoals)
 21166 | Shoals:3 | Noticed Jorgrun
 21179 | Shoals:3 | Killed Jorgrun
 21523 | Shoals:3 | Found Lotuesoa's Armour Boutique.
 21709 | Shoals:3 | Bought the cursed +1 plate armour of Gravity {-Cast Str+8
                  | SInv} for 782 gold pieces
 21826 | Shoals:4 | Entered Level 4 of the Shoals
 21912 | Shoals:4 | Noticed Ilsuiw
 21927 | Shoals:4 | Killed Ilsuiw
 22105 | Shoals:4 | Killed from afar by a merfolk aquamancer

Skill      XL: |  1  2  3  4  5  6  7  8  9 10 11 12 13 14 15 |
---------------+----------------------------------------------+-----
Maces & Flails | 3 4 5 6 7 9 10 11 | 11.0
Fighting       | 4 5 6 7 9 10 12 13 14 15 16 | 16.7
Armour         | 4 5 6 7 9 10 12 13 14 15 16 | 16.7
Shields        | 4 5 6 7 9 10 12 13 14 15 16 | 16.7
Axes           | 2 6 8 10 11 | 11.3
Invocations    | 1 4 7 8 |  8.0

Action                   |  1- 3 |  4- 6 |  7- 9 | 10-12 | 13-15 || total
-------------------------+-------+-------+-------+-------+-------++-------
Melee: Flail             |    71 |    93 |   152 |       |       ||   316
       Headbutt          |    12 |    12 |    81 |   138 |   158 ||   401
       Morningstar       |       |       |   237 |   426 |     8 ||   671
       Broad axe         |       |       |       |   134 |   776 ||   910
Invok: Heroism           |       |       |     2 |    11 |    26 ||    39
       Finesse           |       |       |       |     2 |    20 ||    22
  Use: Scroll            |     3 |     1 |     3 |    18 |    14 ||    39
       Potion            |       |       |       |     1 |     3 ||     4
 Stab: Held in net/web   |       |       |       |     1 |       ||     1
  Eat: Chunk             |     1 |     4 |    15 |    17 |    24 ||    61
       Ration            |       |       |       |     2 |     1 ||     3
Armor: Scale mail        |     2 |       |       |       |       ||     2
       Chain mail        |    21 |    47 |   140 |     2 |       ||   210
       Plate armour      |       |       |       |   230 |   294 ||   524
Dodge: Dodged            |    17 |    14 |    79 |    92 |   141 ||   343
       Deflected         |       |       |       |       |     3 ||     3
Block: Shield            |    39 |    96 |   356 |   506 |   771 ||  1768
       Reflection        |       |     3 |    17 |     6 |    89 ||   115
